 Dungeon Crawl Stone Soup version 0.31-a0-940-gdaa99269f9 (webtiles) character file.

Game seed: 5448531401328623742

1497 Ahpoh the Carver (level 8, -1/64 HPs)
             Began as a Barachi Fighter on Oct 20, 2023.
             Slain by an orc warrior
             ... wielding a +0 glaive
              (8 damage)
             ... on level 6 of the Dungeon.
             The game lasted 00:15:47 (6300 turns).

Ahpoh the Carver (Barachi Fighter)                  Turns: 6300, Time: 00:15:48

Health: -1/64      AC: 15    Str: 19    XL:     8   Next: 81%
Magic:  8/8        EV:  9    Int:  8    God:
Gold:   197        SH:  5    Dex: 13    Spells: 7/7 levels left

rFire   . . .        a - +0 long sword
rCold   . . .        c - +0 buckler
rNeg    . . .        p - +0 chain mail
rPois   .            k - +0 helmet
rElec   .            l - scarf {+Inv}
rCorr   .            o - +2 pair of gloves
SInv    .            (no boots)
Will    .....        (no amulet) Stlth
                     (no ring)
HPRegen 0.30/turn    (no ring)
MPRegen 0.11/turn

%: no passive effects
@: slow
A: amphibious, slowness 1, strong legs 1, +LOS
a: Hop, Evoke Invisibility


You were on level 6 of the Dungeon.
You visited 1 branch of the dungeon, and saw 6 of its levels.

You collected 197 gold pieces.

Inventory:

Hand Weapons
 a - a +0 long sword (weapon)
 i - a +2 spear of venom
Missiles
 n - 18 poisoned darts (quivered)
Armour
 c - a +0 buckler (worn)
 k - a +0 helmet (worn)
 l - a scarf of invisibility (worn)
 o - a +2 pair of gloves (worn)
 p - a +0 chain mail (worn)
Scrolls
 g - 2 scrolls of blinking
 h - 2 scrolls of immolation
 j - a scroll of vulnerability {unknown}
 m - a scroll of fog {unknown}
 q - a scroll of poison {unknown}
 r - 2 scrolls of enchant armour {unknown}
 t - a scroll of silence {unknown}
 u - a scroll of enchant weapon {unknown}
 v - 2 scrolls of identify
 y - 2 scrolls of teleportation {unknown}
Potions
 d - a potion of might
 e - a potion of haste {unknown}
 f - a potion of degeneration {unknown}
 s - a potion of resistance {unknown}
 w - a potion of magic {unknown}


   Skills:
 * Level 5.9 Fighting
 * Level 8.0 Long Blades
 + Level 1.2 Throwing
 * Level 6.8 Armour
 * Level 3.7 Dodging
 + Level 1.1 Stealth
 * Level 5.4 Shields


You had 7 spell levels left.
You didn't know any spells.
Your spell library contained the following spells:

 Spells                   Type           Power      Damage    Failure   Level
 Blink                    Tloc           0%         N/A       99%         2
 Lesser Beckoning         Tloc           0%         N/A       99%         2
 Momentum Strike          Conj/Tloc      0%         3d8       99%         2
 Inner Flame              Hex/Fire       0%         N/A       100%        3
 Flame Wave               Conj/Fire      0%         2d4       100%        4
 Sticky Flame             Conj/Fire      0%         2d3       100%        4


Dungeon Overview and Level Annotations

Branches:
Dungeon (6/15)
 Temple: D:4-7

Altars:
Okawaru
Ru
Xom

Annotations:
D:3 2 transporters


Innate Abilities, Weirdness & Mutations

You are amphibious.
You cover ground slowly.
You can hop short distances.
You have an extended range of vision and can be seen from far away.


Message History

An orc wizard comes into view.
It is wielding a +2 dagger of protection and wearing a +2 robe of willpower.
You block the orc warrior's attack.
You slash the orc warrior!
The orc warrior is severely wounded.
The orc wizard gestures wildly while chanting.
The orc wizard flickers and vanishes!
Deactivating autopickup; reactivate with Ctrl-A.
The orc warrior hits you with a +0 glaive.
You barely miss the orc warrior.
The orc warrior is severely wounded.
The orc warrior hits you but does no damage.
You hit the orc warrior but do no damage.
The orc warrior is severely wounded.
The orc warrior hits you with a +0 glaive!
You hit the orc warrior.
The orc warrior is almost dead.
The orc warrior hits you but does no damage.
You hit the orc warrior but do no damage.
The orc warrior is almost dead.
The orc barely misses you. You block the orc warrior's attack.
You closely miss the orc warrior.
The orc warrior is almost dead.
The orc barely misses you. The orc warrior barely misses you.
You closely miss the orc warrior.
The orc warrior is almost dead.
The orc hits you but does no damage. You block the orc warrior's attack.
You closely miss the orc warrior.
The orc warrior is almost dead.
The orc misses you.
The orc warrior hits you with a +0 glaive.
You hit the orc warrior.
The orc warrior is almost dead.
The orc barely misses you.
The orc warrior hits you with a +0 glaive!
* * * LOW HITPOINT WARNING * * *
You closely miss the orc warrior.
The orc warrior is almost dead.
The orc hits you but does no damage.
The orc warrior hits you with a +0 glaive!
You die...

#.# #####.###### #..
...........................#
##..........?###.#####...
#............. ...
...........# .#..$
.<.........# ##.!.##
#..........# ....
#..........# ...#


You could see an orc warrior and an orc.

Vanquished Creatures
  A yak (D:5)
  5 ogres
  A centaur (D:5)
  A phantom (D:2)
  A howler monkey (D:5)
  3 hounds
  A jelly (D:4)
  4 orc priests
  3 sleepcaps
  5 iguanas
  4 orc wizards
  3 gnolls (D:4)
  2 adders (D:5)
  2 white imps
  3 worms (D:2)
  4 dart slugs
  11 orcs
  9 ball pythons
  10 endoplasms
  4 giant cockroaches
  10 goblins
  7 hobgoblins
  9 jackals
  6 quokkas
  7 bats
  4 frilled lizards
  3 kobolds
  5 rats
128 creatures vanquished.

Notes
Turn   | Place    | Note
-------+----------+-------------------------------------------
     0 | D:1      | Ahpoh the Barachi Fighter began the quest for the Orb.
     0 | D:1      | Reached XP level 1. HP: 18/18 MP: 1/1
   166 | D:1      | Reached XP level 2. HP: 15/25 MP: 2/2
   422 | D:1      | Reached XP level 3. HP: 25/30 MP: 3/3
   614 | D:1      | Found a faded altar of an unknown god.
   673 | D:1      | Reached skill level 3 in Long Blades
   957 | D:2      | Noticed a phantom
   966 | D:2      | Killed a phantom
   967 | D:2      | Reached skill level 4 in Long Blades
   967 | D:2      | Reached skill level 1 in Dodging
   967 | D:2      | Reached XP level 4. HP: 21/37 MP: 4/4
  1064 | D:2      | Reached XP level 5. HP: 40/42 MP: 5/5
  2220 | D:3      | Found a transporter.
  2243 | D:3      | Found a transporter.
  2385 | D:3      | Found an iron altar of Okawaru.
  2559 | D:3      | Found a sacrificial altar of Ru.
  2953 | D:4      | Reached skill level 5 in Long Blades
  2953 | D:4      | Reached XP level 6. HP: 47/49 MP: 1/6
  3095 | D:4      | Reached skill level 5 in Armour
  3509 | D:4      | Reached XP level 7. HP: 35/55 MP: 3/7
  3672 | D:4      | Reached skill level 6 in Long Blades
  4094 | D:5      | Entered Level 5 of the Dungeon
  4394 | D:6      | Reached skill level 1 in Stealth
  4588 | D:5      | Reached skill level 5 in Fighting
  4754 | D:5      | Reached skill level 5 in Shields
  4754 | D:5      | Reached XP level 8. HP: 36/62 MP: 4/8
  5070 | D:5      | Reached skill level 1 in Throwing
  5075 | D:5      | Reached skill level 7 in Long Blades
  5316 | D:5      | Found a shimmering altar of Xom.
  5842 | D:5      | Found a faded altar of an unknown god.
  5842 | D:5      | Noticed a yak
  5842 | D:5      | Found the Hermit's Pendant {Faith Invo=14 Evo=0 MP+5}
  5866 | D:5      | Killed a yak
  6026 | D:5      | Reached skill level 8 in Long Blades
  6300 | D:6      | Slain by an orc warrior

Illustrated notes

Levels and vault maps discovered:
D:1:      psy_arrival_spokes, layout_basic, ebering_ecumenical_altar_webs
D:2:      minmay_evil_eye, layout_basic, minmay_box_of_dots
D:3:      gammafunk_wand_slinger, layout_basic, nicolae_overflow_crystal_walls,
          mainiacjoe_overflow_concentric_impassable
D:4:      layout_loops_ring
D:5:      layout_loops_ring, pf_just_have_faith, st_stairs_8, minmay_hedge_maze,
          hellmonk_guarded_unrand_hermit
D:6:      kennysheep_windowed_halls, layout_loops_ring,
          mainiacjoe_overflow_brackets, amcnicky_altar_gilded, uniq_duvessa

Skill      XL: |  1  2  3  4  5  6  7  8 |
---------------+-------------------------+-----
Armour         | 4 5 6 |  6.8
Fighting       | 4 5 |  5.9
Long Blades    | 4 5 6 8 |  8.0
Dodging        | 1 2 3 |  3.7
Shields        | 4 5 |  5.4
Stealth        | 1 |  1.1
Throwing       | 1 |  1.2

Action                     |  1- 3 |  4- 6 |  7- 9 || total
---------------------------+-------+-------+-------++-------
  Melee: Long sword        |   112 |   202 |   220 ||   534
  Throw: Dart              |       |       |    11 ||    11
Ability: Hop               |     1 |       |     3 ||     4
    Use: Scroll            |       |     5 |       ||     5
         Potion            |       |     1 |     8 ||     9
 Armour: Scale mail        |   143 |   122 |   150 ||   415
         Chain mail        |       |       |    17 ||    17
  Dodge: Dodged            |   103 |    97 |    81 ||   281
  Block: Buckler           |    44 |    56 |    46 ||   146

Table legend: (Time is in decaauts)
 A = Elapsed time spent in this place.
 B = Non-inter-level travel time spent in this place.
 C = Inter-level travel time spent in this place.
 D = Time resting spent in this place.
 E = Time spent auto-exploring this place.
 F = Levels seen in this place.
 G = Mean time per level.
                   A        B        C        D        E       F      G
               +--------+--------+--------+--------+--------+-----+--------+
         Total |   7161 |   6997 |    164 |    643 |   4219 |   6 | 1193.5 |
       Dungeon |   7161 |   6997 |    164 |    643 |   4219 |   6 | 1193.5 |
               +--------+--------+--------+--------+--------+-----+--------+

Top non-repeatable levels by time:
     D:5: 2077 daAuts
     D:4: 1713 daAuts
     D:2: 1241 daAuts
     D:1: 1101 daAuts
     D:3: 955 daAuts
     D:6: 72 daAuts
